 Dungeon Crawl Stone Soup version 0.17.0-23-g0de4337 (webtiles) character file.

23 dvd the Caller (level 2, -4/15 HPs)
             Began as a Deep Elf Summoner on Nov 14, 2015.
             Slain by Terence
             ... wielding a +0 falchion
              (5 damage)
             ... on level 2 of the Dungeon.
             The game lasted 00:09:15 (1205 turns).

dvd the Caller (Deep Elf Summoner)                  Turns: 1205, Time: 00:09:15

Health: -4/15      AC:  2    Str:  5    XL:     2   Next: 72%
Magic:  5/8        EV: 13    Int: 19    God:
Gold:   99         SH:  0    Dex: 15    Spells: 2 memorised, 4 levels left

rFire  x . .     SeeInvis .     d - +2 short sword (holy)
rCold  + . .     Clarity  .     a - +0 robe
rNeg   . . .     SustAt   .     (no shield)
rPois  .         Gourm    .     (no helmet)
rElec  .         Spirit   .     (no cloak)
rCorr  .         Warding  .     (no gloves)
rMut   .         Stasis   .     (no boots)
MR     .....                    (no amulet)
Stlth  ++........               (no ring)
                                g - ring of ice

@: not resistant to hostile enchantments, unstealthy
A: no striking features
a: no special abilities


You were on level 2 of the Dungeon.
You were not hungry.

You visited 1 branch of the dungeon, and saw 2 of its levels.

You collected 99 gold pieces.

Inventory:

Hand Weapons
 d - a +2 short sword of holy wrath (weapon)
Armour
 a - a +0 robe (worn)
Jewellery
 g - a ring of ice (left hand)
Scrolls
 e - a scroll of recharging {unknown}
 l - a scroll of immolation {unknown}
Potions
 h - a potion of brilliance {unknown}
 j - a potion of agility {unknown}
Books
 b - a book of Callings

   Spells                             Type                      Level
   a - Summon Small Mammal            Summoning                    1
   b - Call Imp                       Summoning                    2
   c - Call Canine Familiar           Summoning                    3
   d - Summon Guardian Golem          Hexes/Summoning              3
   e - Summon Lightning Spire         Summoning/Air                4
   f - Summon Ice Beast               Ice/Summoning                4
Comestibles
 c - 2 bread rations
 i - a beef jerky
 k - 3 chunks of flesh


   Skills:
 + Level 0.1 Fighting
 + Level 0.2 Short Blades
 + Level 2.5 Dodging
 + Level 2.7 Stealth
 + Level 3.4 Spellcasting
 + Level 4.9 Summonings


You had 4 spell levels left.
You knew the following spells:

 Your Spells              Type           Power        Failure   Level  Hunger
a - Summon Small Mammal   Summ           ###.         1%          1    None
b - Call Imp              Summ           ###.....     3%          2    ##.....


Dungeon Overview and Level Annotations

Branches:
Dungeon (2/15)

Altars:

Annotations:
D:2 Terence


Message History

Your crimson imp hits Terence but does no damage.
Press: ? - help, v - describe, . - travel
Here: Terence, wielding a falchion and wearing a glowing chain mail (moderately wounded, fast)
The floor.
Drink which item? (? for menu, Esc to quit)
It was a potion of curing.
You feel better. The bat misses your rat.
Your quokka barely misses Terence.
The bat barely misses your quokka. Terence hits you with a falchion!
Ouch! That really hurt!
* * * LOW HITPOINT WARNING * * *
Your rat bites the bat.
The bat dies!
Your crimson imp closely misses Terence.
Your quokka barely misses Terence.
Terence closely misses you.
You barely miss Terence.
Terence is moderately wounded.
Your quokka bites Terence but does no damage.
Terence hits you with a falchion.
You die...

###########..#.#.# #..
.............#.#.# #..
###.....####.#.#.# #..
#............#.#.####..
#.#.....##.#.#.#.......
#.....####.#.# ########
#..##......#.#
#..#.......#.#
#.....@@r.r..#
#.#.....5..........
....................
##.#.........#..#.## #
#)...............
##.#.###..#.##...
...#.. ...#......
####.# ...# ## #.


You could see Terence, a friendly crimson imp, a friendly quokka and a friendly
rat.

Vanquished Creatures
  A giant cockroach (D:1)
  A goblin (D:1)
  A jackal (D:2)
  A giant gecko (D:2)
  2 rats
6 creatures vanquished.

Vanquished Creatures (collateral kills)
  A giant cockroach (D:2)
  4 goblins (D:1)
  2 hobgoblins (D:1)
  4 kobolds (D:1)
  2 bats
  A giant gecko (D:1)
  2 giant newts
  2 jackals (D:2)
  4 rats (D:1)
22 creatures vanquished.

Grand Total: 28 creatures vanquished

Notes
Turn   | Place    | Note
--------------------------------------------------------------
     0 | D:1      | dvd the Deep Elf Summoner began the quest for the Orb.
     0 | D:1      | Reached XP level 1. HP: 10/10 MP: 6/6
     2 | D:1      | Noticed a vampire
     4 | D:1      | Noticed a naga
     4 | D:1      | Noticed a formicid
     6 | D:1      | Noticed a gargoyle
     6 | D:1      | Noticed a dwarf
     8 | D:1      | Noticed a demonspawn
    10 | D:1      | Noticed an octopode
    10 | D:1      | Noticed a draconian
    12 | D:1      | Noticed a vine stalker
    12 | D:1      | Noticed a demigod
    14 | D:1      | Noticed a felid
    14 | D:1      | Noticed a troll
    16 | D:1      | Noticed an elf
    18 | D:1      | Noticed a spriggan
    18 | D:1      | Noticed a ghoul
    20 | D:1      | Noticed a centaur
    22 | D:1      | Noticed a human
    22 | D:1      | Noticed a tengu
    24 | D:1      | Noticed an ogre
    26 | D:1      | Noticed a minotaur
    26 | D:1      | Noticed a merfolk
   234 | D:1      | Reached XP level 2. HP: 6/15 MP: 1/8
   543 | D:1      | Learned a level 2 spell: Call Imp
  1189 | D:2      | Noticed Terence
  1205 | D:2      | Slain by Terence

Action                   || total
-------------------------++-------
Melee: Short sword       ||    16
 Cast: Summon Small Mamm ||    27
       Call Imp          ||     8
  Use: Potion            ||     1
 Stab: Distracted        ||     1
  Eat: Chunk             ||     1
